 Dungeon Crawl Stone Soup version 0.31-a0-851-g7ff8af7976 (webtiles) character file.

Game seed: 18273691688711351021

360232 Thrassey the Hoplite (level 22, -2/137 HPs)
             Began as a Tengu Gladiator on Oct 7, 2023.
             Was the Champion of Jiyva.
             Slain by a tentacled monstrosity (12 damage)
             ... while paralysed by a sphinx
             ... on level 4 of the Vaults on Oct 8, 2023.
             The game lasted 01:59:53 (32449 turns).

Thrassey the Hoplite (Tengu Gladiator)             Turns: 32449, Time: 01:59:53

Health: -2/137     AC: 26    Str:  9    XL:     22   Next: 5%
Magic:  35/35      EV: -1    Int: 17    God:    Jiyva [******]
Gold:   1708       SH:  0    Dex: 22    Spells: 29/37 levels left

rFire   + + .        Y - +7 Maxwell's thermic engine {flame, freeze, rev}
rCold   . . .        Q - +10 tower shield of Ignorance {rN+ Int-4}
rNeg    + + +        R - +7 fire dragon scales of the Tentacled Wereyak {rF++ rC- rN+}
rPois   .            c - +2 hat
rElec   +            C - +0 cloak of the Grey Skies {*Corrode rN+ Int+3 Slay+6}
rCorr   +            S - +2 pair of gloves
SInv    +            (boots unavailable)
Will    +....        P - dreamdust necklace {Acrobat}
Stlth   +            M - ring "Uqiurr" {rElec rC+ rN+ rCorr Str-5}
HPRegen 2.02/turn    y - +4 ring of slaying
MPRegen 0.74/turn

%: corrode self (3%), acrobat, clarity
@: paralysed, marked, corroded, flying, constricted, studying Staves
A: beak, talons 3, evasive flight, acrobatic, iridescent scales 1, see
invisible, clarity, clever 2, mutation resistance 2, wild magic 1, acidic bite,
gelatinous body 2, translucent skin 2, MP-powered wands
}: 3/15 runes: serpentine, barnacled, slimy
a: Renounce Religion, Oozemancy, Slimify


You were on level 4 of the Vaults.
You worshipped Jiyva.
Jiyva was exalted by your worship.
You visited 8 branches of the dungeon, and saw 41 of its levels.
You also visited: Gauntlet, Ice Cave, Wizlab and Desolation.

You collected 3955 gold pieces.
You spent 2247 gold pieces at shops.

Inventory:

Hand Weapons
 m - a +0 spectral demon blade
 X - the +7 captain's cutlass {speed, disarm}
   (You bought it in a shop on level 6 of the Dungeon)
 Y - the +7 Maxwell's thermic engine (weapon) {flame, freeze, rev}
   (You found it in the Desolation of Salt)
Missiles
 d - 7 throwing nets
Armour
 c - a +2 hat (worn)
 C - the +0 cloak of the Grey Skies (worn) {*Corrode rN+ Int+3 Slay+6}
   (You found it on level 1 of the Lair of Beasts)

   Int+3:     It affects your intelligence (+3).
   Slay+6:    It affects your accuracy & damage with ranged weapons and melee
   (+6).
   rN+:       It protects you from negative energy.
   *Corrode:  It may corrode you when you take damage.
 Q - the +10 tower shield of Ignorance (worn) {rN+ Int-4}
   (You found it on level 5 of the Pits of Slime)

   Int-4:     It affects your intelligence (-4).
   rN+:       It protects you from negative energy.
 R - the +7 fire dragon scales of the Tentacled Wereyak (worn) {rF++ rC- rN+}
   (You found it in a Gauntlet)

   rF++:      It greatly protects you from fire.
   rC-:       It makes you vulnerable to cold.
   rN+:       It protects you from negative energy.
 S - a +2 pair of gloves (worn)
Jewellery
 k - an amulet of regeneration
 o - a +4 ring of protection
 p - a ring of willpower
 q - a ring of ice
 r - an amulet of reflection
 y - a +4 ring of slaying (right hand)
 A - a ring of magical power
 M - the ring "Uqiurr" (left hand) {rElec rC+ rN+ rCorr Str-5}
   (You found it in a Gauntlet)

   [ring of protection from cold]

   Str-5:     It affects your strength (-5).
   rC+:       It protects you from cold.
   rElec:     It insulates you from electricity.
   rN+:       It protects you from negative energy.
   rCorr:     It protects you from acid and corrosion.
 O - the ring of the Tortoise {AC+8}
   (You found it in the Desolation of Salt)

   [ring of protection]

   AC+8:      It affects your AC (+8).
 P - the dreamdust necklace (around neck) {Acrobat}
   (You found it on level 5 of the Pits of Slime)

   [amulet of the acrobat]

   Acrobat:   It increases your evasion while moving and waiting.
 W - a ring of protection from cold
Wands
 g - a wand of roots (32)
 h - a wand of digging (5)
 x - a wand of quicksilver (18)
 D - a wand of flame (20)
 E - a wand of charming (5)
Scrolls
 e - a scroll of fear
 f - 5 scrolls of amnesia
 j - a scroll of immolation
 u - 4 scrolls of enchant weapon
 v - 2 scrolls of identify
 I - 7 scrolls of fog
 L - 3 scrolls of silence
 N - 9 scrolls of teleportation
 U - a scroll of poison
 Z - 2 scrolls of summoning
Potions
 a - a potion of haste
 b - 3 potions of brilliance
 l - 3 potions of lignification
 n - 5 potions of enlightenment
 t - 7 potions of curing
 z - 2 potions of berserk rage
 B - 2 potions of attraction
 H - 4 potions of invisibility
 J - 2 potions of magic
 K - a potion of might
 T - a potion of heal wounds


   Skills:
 * Level 14.2 Fighting
 - Level 11.0(14.4) Short Blades
 - Level 15.0(16.3) Long Blades
 - Level 2.0 Throwing
 - Level 11.5 Armour
 - Level 10.0 Dodging
 - Level 25.2 Shields
 - Level 8.0 Spellcasting
 - Level 15.4 Conjurations
 - Level 5.2 Translocations


You had 29 spell levels left.
You knew the following spells:

 Your Spells              Type           Power      Damage    Failure   Level
a - Apportation           Tloc           62%        N/A       16%         1
b - Orb of Destruction    Conj           33%        9d10      86%         7

Your spell library contained the following spells:

 Spells                   Type           Power      Damage    Failure   Level
 Foxfire                  Conj/Fire      100%       2x1d9     7%          1
 Dazzling Flash           Conj/Hex       84%        N/A       17%         3
 Iskenderun's Mystic Bla  Conj/Tloc      53%        2d11      21%         4
 Lesser Beckoning         Tloc           62%        N/A       24%         2
 Fulminant Prism          Conj/Hex       21%        3d12      45%         4
 Freeze                   Ice            32%        1d5       75%         1
 Necrotise                Necr           32%        1d5       75%         1
 Summon Small Mammal      Summ           32%        N/A       75%         1
 Volatile Blastmotes      Fire/Tloc      40%        2d13      75%         3
 Arcjolt                  Conj/Air       21%        1d31      80%         5
 Fireball                 Conj/Fire      21%        3d10      80%         5
 Irradiate                Conj/Tmut      21%        3d18      80%         5
 Ensorcelled Hibernation  Hex/Ice        16%        N/A       86%         2
 Poisonous Vapours        Pois/Air       16%        N/A       86%         2
 Inner Flame              Hex/Fire       8%         N/A       97%         3
 Ozocubu's Armour         Ice            8%         N/A       97%         3
 Sigil of Binding         Hex            8%         N/A       97%         3
 Summon Guardian Golem    Hex/Summ       8%         N/A       97%         3
 Swiftness                Air            8%         N/A       97%         3
 Vhi's Electric Charge    Tloc/Air       40%        N/A       98%         4
 Anguish                  Hex/Necr       4%         N/A       100%        4
 Cause Fear               Hex            4%         N/A       100%        4
 Summon Ice Beast         Ice/Summ       8%         N/A       100%        4
 Alistair's Intoxication  Tmut/Pois      5%         N/A       100%        5
 Borgnjor's Vile Clutch   Necr/Erth      4%         N/A       100%        5
 Metabolic Englaciation   Hex/Ice        4%         N/A       100%        5
 Bombard                  Conj/Erth      21%        9d4       100%        6
 Eringya's Noxious Bog    Tmut/Pois      4%         4d6       100%        6
 Simulacrum               Ice/Necr       4%         N/A       100%        6
 Enfeeble                 Hex            4%         N/A       100%        7
 Haunt                    Necr/Summ      4%         N/A       100%        7
 Malign Gateway           Summ/Tloc      10%        N/A       100%        7
 Ozocubu's Refrigeration  Ice            4%         4d8       100%        7
 Spellforged Servitor     Conj/Summ      21%        N/A       100%        7
 Maxwell's Capacitive Co  Air            4%         ∞         100%        8
 Chain Lightning          Conj/Air       21%        3d28      100%        9
 Fire Storm               Conj/Fire      21%        8d5       100%        9
 Shatter                  Erth           4%         3d7*      100%        9


Dungeon Overview and Level Annotations

Branches:
Dungeon (15/15)            Temple (0/1) D:6            Lair (5/5) D:8
 Shoals (4/4) Lair:3        Snake (4/4) Lair:2        Slime (5/5) Lair:5
    Orc (2/2) D:12            Elf (2/3) Orc:2        Vaults (4/5) D:13
  Crypt (0/3) Vaults:2     Depths (0/4) D:15          IceCv (visited)
 WizLab (visited)         Desolation (visited)      Gauntlet (visited)

Altars:
Elyvilon
Hepliaklqana
Kikubaaqudgha
Makhleb
Qazlal
Ru
Trog
Vehumet
Xom
Zin
The Shining One
Jiyva

Shops:
D:4 :   D:6 (   D:12 [   D:13 *   D:14 *   Orc:1 (   Orc:2 =!:[   Shoals:2 *
Snake:1 (   Snake:2 [   Vaults:1 !?   Vaults:3 *

Portals:
Trove: Vaults:3 (give 7 potions of haste)

Annotations:
Lair:1 3 runed translucent doors, snackwell's ghost, journeyman HuHu
Slime:5 Royal Jelly


Innate Abilities, Weirdness & Mutations

You have a beak for a mouth.
You have claws for feet.
Your magical flight helps you evade attacks. (EV +4)
You can magically evade attacks while moving or waiting.
You are partially covered in iridescent scales. (AC +2)
You have supernaturally acute eyesight. (SInv)
You possess an exceptional clarity of mind.
Your mind is very acute. (Int +8, Str/Dex -2)
You are somewhat resistant to both further mutation and mutation removal.
Your spells are a little harder to cast, but a little more powerful.
You have acidic saliva.
Your pliable body absorbs attacks. (AC +2, EV +2)
Your translucent skin reduces your foes' accuracy. (Stealth+)
You expend magic power (3 MP) to strengthen your wands.


Message History

The ironbound frostheart dies!
The ironbound convoker casts a spell at the vault warden.
The vault warden seems to grow stronger.
The tentacled monstrosity tentacle-slaps you!
The tentacled monstrosity tentacle-slaps you.
The tentacled monstrosity tentacle-slaps you but does no damage.
The tentacled monstrosity grabs you.
The tentacled monstrosity constricts you.
The ironbound convoker hits the azure jelly with a +0 dire flail!!
The azure jelly dies!
The centaur warrior hits you but does no damage.
The centaur warrior kicks you but does no damage.
The sphinx casts a spell.
You resist with some effort. The ice encasing you melts away.
The centaur warrior hits you but does no damage.
The centaur warrior kicks you but does no damage.
The sphinx hits you but does no damage. The sphinx completely misses you.
The sphinx hits you but does no damage.
The ironbound convoker points at the tentacled monstrosity and mumbles some strange words.
The tentacled monstrosity seems to grow stronger.
The tentacled monstrosity tentacle-slaps you!
* * * LOW HITPOINT WARNING * * *
The tentacled monstrosity tentacle-slaps you.
* * * LOW HITPOINT WARNING * * *
The tentacled monstrosity tentacle-slaps you but does no damage.
The tentacled monstrosity constricts you.
* * * LOW HITPOINT WARNING * * *
The vault warden unwields a +0 war axe.
The vault warden wields a +0 arbalest.
The vault warden shoots a bolt.
The bolt hits you!
* * * LOW HITPOINT WARNING * * *
The centaur warrior hits you but does no damage.
The centaur warrior kicks you but does no damage.
The sphinx hits you.
* * * LOW HITPOINT WARNING * * *
The sphinx completely misses you. The sphinx hits you but does no damage.
The tentacled monstrosity tentacle-slaps you!
* * * LOW HITPOINT WARNING * * *
The tentacled monstrosity tentacle-slaps you!
You die...

#############+##########
...p....................
....p...................
.....[.H................
.....pX@[...............
......c)#####+##........
........#......#########
........#......#
........#......#
........#......#
........#......#
........#......' .##
######## ...


You could see a tentacled monstrosity (strong), a sphinx, a vault warden
(strong), a centaur warrior and 2 ironbound convokers.

Vanquished Creatures
  Sojobo (Vaults:2)
  Xtahua (Vaults:3)
  Nikola (Vaults:1)
  Norris (Vaults:2)
  Mlioglotl (Shoals:1)
  A deep elf blademaster (Elf:2)
  Asterion (Elf:1)
  2 sphinxes
  Frances (D:14)
  Aizul (Snake:2)
  Roxanne (D:15)
  A tengu reaver (Vaults:2)
  A revenant (Vaults:2)
  2 imperial myrmidons (Desolation)
  2 nagarajas
  A deep elf sorcerer (Elf:1)
  10 vault wardens
  An orc warlord (Vaults:1)
  An angel (Shoals:4)
  Louise (D:14)
  5 ironbound thunderhulks
  8 ironbound preservers
  A stone giant (Vaults:2)
  A war gargoyle (Vaults:1)
  A vampire knight (Vaults:2)
  Nessos (D:15)
  A deep elf demonologist (Elf:1)
  A minotaur (Gauntlet)
  Azrael (Snake:2)
  9 dire elephants
  3 halazid warlocks (Desolation)
  2 blizzard demons (IceCv)
  2 ettins
  6 merfolk javelineers
  A fire dragon (Lair:5)
  Snorg (D:14)
  8 merfolk impalers
  A crystal guardian (Desolation)
  2 entropy weavers
  Josephine (D:15)
  3 ragged hierophants (Desolation)
  12 peacekeepers
  5 servants of whispers (Desolation)
  3 vault guards
  7 yaktaur captains
  Erolcha (Orc:2)
  5 salamander tyrants
  A death knight (D:13)
  13 centaur warriors
  7 ironbound frosthearts
  A merfolk avatar (Shoals:4)
  3 ogre magi (Orc:2)
  A two-headed ogre (D:13)
  2 boulder beetles
  13 naga warriors
  A two-headed ogre (shapeshifter) (Vaults:1)
  2 satyrs (Shoals:4)
  9 anacondas
  17 dancing weapons
  3 merfolk aquamancers (Shoals:4)
  An alligator snapping turtle (Shoals:4)
  A vampire mage (Vaults:2)
  16 death yaks
  3 tengu warriors
  A hell hog (Gauntlet)
  3 orc high priests (Elf:1)
  2 shock serpents
  5 deep elf knights (Elf:2)
  A holy swine (Shoals:4)
  5 naga sharpshooters
  Urug (Lair:2)
  11 skysharks
  6 salamander mystics
  2 cherubim (Shoals:4)
  22 deep trolls
  A fire crab (Gauntlet)
  12 sea snakes
  An obsidian statue (IceCv)
  4 deep elf archers
  9 ironbound convokers
  A bog body (IceCv)
  10 harpies
  A spriggan simulacrum (IceCv)
  3 lindwurms
  8 wizards
  5 naga ritualists
  A phantasmal warrior (Vaults:4)
  32 ugly things
  A necromancer (Vaults:3)
  2 orange crystal statues
  18 deep elf pyromancers
  19 deep elf zephyrmancers
  9 fauns (Shoals:1)
  2 orc knights (Vaults:1)
  A wolf spider (D:15)
  8 orc sorcerers
  An oklob plant (Lair:4)
  18 salamanders
  A salamander (shapeshifter) (D:13)
  5 mana vipers
  21 manticores
  12 elephants
  8 cyclopes
  11 merfolk sirens
  Maurice (Orc:1)
  5 guardian serpents (Snake:4)
  A fire giant skeleton (Vaults:3)
  2 water nymphs
  20 black mambas
  9 vault sentinels
  A molten gargoyle (Lair:5)
  5 naga magi
  12 cane toads
  A torpor snail (shapeshifter) (Vaults:1)
  2 torpor snails
  A kobold demonologist (D:13)
  A gargoyle (D:10)
  16 komodo dragons
  7 rime drakes
  An unseen horror (D:12)
  2 efreet
  3 ice devils (IceCv)
  A golden dragon simulacrum (IceCv)
  2 anaconda simulacra (IceCv)
  7 freezing wraiths
  16 yaktaurs
  A komodo dragon (shapeshifter) (D:15)
  3 tengu conjurers
  23 merfolk
  3 meliai (D:15)
  4 trolls
  4 wind drakes
  6 polar bears
  A tarantella (shapeshifter) (Vaults:1)
  A wolf spider simulacrum (D:14)
  A tarantella (Vaults:4)
  29 saltlings (Desolation)
  12 blink frogs
  An alligator simulacrum (IceCv)
  17 dream sheep
  10 snapping turtles
  2 air elementals
  67 yaks
  A basilisk (shapeshifter) (D:14)
  4 water elementals
  7 wraiths
  A vampire (D:14)
  4 fire bats (Gauntlet)
  11 wyverns
  A fire elemental (Elf:2)
  8 basilisks
  6 steam dragons
  A redback simulacrum (D:15)
  10 vampire mosquitoes
  7 minotaur simulacra (IceCv)
  Eustachio (D:4)
  4 redbacks
  2 harpy simulacra (IceCv)
  Edmund (D:4)
  27 nagas
  4 wargs
  3 acid dragons
  9 hell hounds
  15 water moccasins
  A glowing shapeshifter skeleton (Vaults:3)
  An ice beast (D:6)
  7 orc warriors
  A black bear (Lair:1)
  7 ogres
  A boggart (Elf:1)
  11 wolves
  8 centaurs
  A phantom (D:5)
  A kobold brigand (D:11)
  4 earth elementals
  Blork the orc (D:6)
  2 gnoll sergeants
  13 bullfrogs
  4 deep troll simulacra (IceCv)
  4 scorpions
  5 killer bees (D:9)
  2 lindwurm simulacra (IceCv)
  2 electric eels (D:7)
  6 howler monkeys
  2 crimson imps (D:10)
  5 lava snakes (Lair:5)
  8 orc priests
  3 gnoll boudas
  7 hounds
  Crazy Yiuf (D:5)
  Ijyb (D:4)
  Natasha (thrice) (D:2)
  23 orc wizards
  6 hell rats (Lair:2)
  7 adders
  27 gnolls
  A shadow imp (D:8)
  A white imp (D:8)
  An ufetubus (D:6)
  2 worms
  4 dart slugs
  59 orcs
  3 giant cockroaches
  11 goblins
  7 hobgoblins
  3 jackals (D:1)
  5 quokkas
  5 ball pythons
  A bat (D:1)
  5 frilled lizards
  6 kobolds
  5 rats
1224 creatures vanquished.

Vanquished Creatures (collateral kills)
  A fire crab (Lair:5)
  A sea snake (Shoals:4)
  An ugly thing (D:11)
  2 molten gargoyles (Lair:5)
  Jeremiah (D:7)
  2 dream sheep (Shoals:4)
  3 yaks
  2 nagas (Lair:2)
  A white imp (D:10)
  2 kobolds (D:11)
16 creatures vanquished.

Vanquished Creatures (others)
  A tengu reaver (Vaults:2)
  2 azure jellies
  A storm dragon (Vaults:4)
  An ironbound preserver (Vaults:3)
  2 formless jellyfish (Vaults:4)
  2 ironbound thunderhulks
  2 dire elephants (Vaults:1)
  3 great orbs of eyes
  A merfolk impaler (Shoals:4)
  3 yaktaur captains
  An ironbound frostheart (Vaults:4)
  2 deep elf knights (Elf:2)
  A deep troll (Vaults:2)
  3 ironbound convokers
  A fire giant skeleton (Vaults:3)
  A manticore (D:13)
  2 cyclopes
  2 vault sentinels
  15 slime creatures
  2 unseen horrors (D:13)
  A freezing wraith (D:13)
  A komodo dragon (Lair:3)
  A yaktaur (Vaults:1)
  A troll (D:13)
  A wyvern (Lair:3)
  4 water elementals
  An air elemental (Elf:2)
  A wraith (D:13)
  A vampire mosquito (D:13)
  A naga (Snake:4)
  A water moccasin (Lair:4)
  An orc warrior (Orc:1)
  A scorpion (D:6)
  101 jellies
  4 electric eels (D:13)
  2 howler monkeys (D:9)
  An orc priest (Orc:1)
  An iguana (D:7)
  5 orc wizards (Orc:2)
  2 endoplasms
  5 orcs
  A giant cockroach (D:3)
  3 goblins
  A kobold (D:11)
  3 training dummies (Orc:1)
  2 ball pythons
  2 frilled lizards (D:1)
  10 ball lightnings (Elf:2)
207 creatures vanquished.

Grand Total: 1447 creatures vanquished

Notes
Turn   | Place    | Note
-------+----------+-------------------------------------------
     0 | D:1      | Thrassey the Tengu Gladiator began the quest for the Orb.
     0 | D:1      | Reached XP level 1. HP: 12/12 MP: 2/2
    62 | D:1      | Reached XP level 2. HP: 10/17 MP: 3/3
   293 | D:1      | Found a faded altar of an unknown god.
   307 | D:1      | Prayed at the altar of an unknown god.
   307 | D:1      | Became a worshipper of Jiyva Jepnon the Shapeless
   307 | D:1      | Reached * piety under Jiyva
   533 | D:1      | Reached ** piety under Jiyva
   923 | D:2      | Reached XP level 3. HP: 21/21 MP: 4/4
  1110 | D:2      | Noticed Natasha
  1118 | D:2      | Killed Natasha
  1119 | D:2      | Reached skill level 5 in Long Blades
  1228 | D:2      | Reached XP level 4. HP: 26/26 MP: 5/5
  1284 | D:2      | Noticed Natasha
  1290 | D:2      | Killed Natasha
  1458 | D:2      | Noticed Natasha
  1468 | D:2      | Killed Natasha
  1623 | D:3      | Reached *** piety under Jiyva
  1632 | D:3      | Reached XP level 5. HP: 30/30 MP: 6/6
  1702 | D:3      | Gained mutation: You are covered in slimy tendrils that may
                  | disarm your opponents. [Jiyva's grace]
  1702 | D:3      | Gained mutation: Your muscles are strong. (Str +4, Int/Dex
                  | -1) [Jiyva's grace]
  1702 | D:3      | Gained mutation: Your muscles are very strong. (Str +8,
                  | Int/Dex -2) [Jiyva's grace]
  1702 | D:3      | Gained mutation: Your melee attacks may engulf your foes in
                  | ooze. [Jiyva's grace]
  2203 | D:3      | Reached **** piety under Jiyva
  2297 | D:3      | Found a sacrificial altar of Ru.
  2472 | D:4      | Noticed Ijyb
  2473 | D:4      | Killed Ijyb
  2473 | D:4      | Noticed Edmund
  2486 | D:4      | Killed Edmund
  2487 | D:4      | Reached XP level 6. HP: 35/35 MP: 7/7
  2633 | D:4      | Found Topluics's Book Shoppe.
  2859 | D:4      | Reached ***** piety under Jiyva
  2979 | D:4      | Noticed Eustachio
  2980 | D:4      | Lost mutation: Your muscles are very strong. (Str +8,
                  | Int/Dex -2) [Jiyva's grace]
  2980 | D:4      | Gained mutation: You are somewhat resistant to further
                  | mutation. [Jiyva's grace]
  2980 | D:4      | Gained mutation: You are somewhat resistant to both further
                  | mutation and mutation removal. [Jiyva's grace]
  2980 | D:4      | Gained mutation: You are almost entirely resistant to
                  | further mutation and mutation removal. [Jiyva's grace]
  2980 | D:4      | Gained mutation: You are robust. (+10% HP) [Jiyva's grace]
  3033 | D:4      | Killed Eustachio
  3034 | D:4      | Gained mutation: Your magical flight helps you evade
                  | attacks. (EV +4) [Tengu growth]
  3034 | D:4      | Reached XP level 7. HP: 37/44 MP: 8/8
  3263 | D:5      | Entered Level 5 of the Dungeon
  3375 | D:5      | Found a hazy altar of Hepliaklqana.
  3552 | D:5      | Found a runed translucent door.
  3553 | D:5      | Noticed Crazy Yiuf
  4066 | D:5      | Killed Crazy Yiuf
  4188 | D:6      | Noticed Blork the orc
  4188 | D:6      | Noticed a steam dragon
  4193 | D:6      | Killed Blork the orc
  4197 | D:6      | Killed a steam dragon
  4198 | D:6      | Reached skill level 5 in Dodging
  4198 | D:6      | Reached XP level 8. HP: 35/48 MP: 6/9
  4244 | D:6      | Found a glowing golden altar of the Shining One.
  4269 | D:6      | Found Edumorphosh's Antique Weapon Emporium.
  4331 | D:6      | Found a staircase to the Ecumenical Temple.
  4765 | D:7      | Noticed a wyvern
  4793 | D:6      | Killed a wyvern
  4927 | D:7      | Found a stormy altar of Qazlal.
  4998 | D:7      | Lost mutation: Your muscles are strong. (Str +4, Int/Dex
                  | -1) [Jiyva's grace]
  4998 | D:7      | Gained mutation: Armour fits poorly on your pseudopods.
                  | [Jiyva's grace]
  4998 | D:7      | Gained mutation: Armour fits poorly on your large
                  | pseudopods. [Jiyva's grace]
  4998 | D:7      | Gained mutation: Armour fits poorly on your massive
                  | pseudopods. [Jiyva's grace]
  4998 | D:7      | Gained mutation: You have a somewhat thin skeletal
                  | structure. (Dex +2, Stealth+) [Jiyva's grace]
  5070 | D:7      | Noticed Jeremiah
  5128 | D:7      | Killed Jeremiah
  5129 | D:7      | Reached XP level 9. HP: 24/52 MP: 6/10
  5205 | D:7      | Reached ****** piety under Jiyva
  5688 | D:8      | Reached skill level 5 in Fighting
  5699 | D:8      | Reached skill level 10 in Long Blades
  5716 | D:8      | Reached XP level 10. HP: 49/64 MP: 8/11
  5727 | D:8      | Found a staircase to the Lair.
  6483 | D:9      | Found a glowing silver altar of Zin.
  6550 | D:9      | Identified the +0 pair of boots "Xicusu" {-Tele Dex+4
                  | Slay+6}
  6645 | D:9      | Lost mutation: You are almost entirely resistant to further
                  | mutation and mutation removal. [Jiyva's grace]
  6645 | D:9      | Lost mutation: You are robust. (+10% HP) [Jiyva's grace]
  6645 | D:9      | Lost mutation: Armour fits poorly on your massive
                  | pseudopods. [Jiyva's grace]
  6645 | D:9      | Lost mutation: Your melee attacks may engulf your foes in
                  | ooze. [Jiyva's grace]
  6645 | D:9      | Gained mutation: Your rubbery body absorbs attacks. (AC +1,
                  | EV +1) [Jiyva's grace]
  6645 | D:9      | Gained mutation: Your pliable body absorbs attacks. (AC +2,
                  | EV +2) [Jiyva's grace]
  6645 | D:9      | Gained mutation: Your gelatinous body deflects attacks. (AC
                  | +3, EV +3) [Jiyva's grace]
  6645 | D:9      | Gained mutation: Your flesh is cold resistant. (rC+)
                  | [Jiyva's grace]
  6824 | D:9      | Identified the +8 spear "Murmur" {venom, Dex+3}
  7469 | Lair:1   | Entered Level 1 of the Lair of Beasts
  7518 | Lair:1   | Noticed a black mamba
  7529 | Lair:1   | Killed a black mamba
  7530 | Lair:1   | Reached skill level 2 in Shields
  7536 | Lair:1   | Reached skill level 3 in Shields
  7536 | Lair:1   | Reached XP level 11. HP: 61/64 MP: 12/12
  7572 | Lair:1   | Reached skill level 4 in Shields
  7578 | Lair:1   | Reached skill level 5 in Shields
  7703 | Lair:1   | Reached skill level 6 in Shields
  7716 | Lair:1   | Found a runed translucent gate.
  7717 | Lair:1   | Found a runed translucent gate.
  7717 | Lair:1   | Noticed an 11-headed hydra
  7718 | Lair:1   | Found a runed translucent gate.
  7742 | Lair:1   | Noticed snackwell's ghost (journeyman HuHu)
  7742 | Lair:1   | Noticed an 11-headed hydra
  8174 | Lair:1   | Reached skill level 10 in Dodging
  8226 | Lair:1   | Found an ancient bone altar of Kikubaaqudgha.
  8276 | Lair:1   | Identified the +0 cloak of the Grey Skies {*Corrode rN+
                  | Int+3 Slay+6}
  8816 | Lair:2   | Noticed a boulder beetle
  8822 | Lair:2   | Slimified a boulder beetle
  8822 | Lair:2   | a boulder beetle changed into a slime creature
  8856 | Lair:2   | Noticed Urug
  8866 | Lair:2   | Killed Urug
  8870 | Lair:2   | Noticed a death yak
  8870 | Lair:2   | Noticed a death yak
  8871 | Lair:2   | Noticed a death yak
  8873 | Lair:2   | Noticed a death yak
  8874 | Lair:2   | Noticed a death yak
  8888 | Lair:2   | Killed a death yak
  8896 | Lair:2   | Killed a death yak
  8897 | Lair:2   | Reached XP level 12. HP: 73/73 MP: 10/13
  8898 | Lair:2   | Killed a death yak
  8900 | Lair:2   | Killed a death yak
  8905 | Lair:2   | Killed a death yak
  8923 | Lair:2   | Noticed a boulder beetle
  8950 | Lair:2   | Killed a boulder beetle
  9064 | Lair:2   | Noticed a skyshark
  9070 | Lair:2   | Killed a skyshark
  9140 | Lair:2   | Reached skill level 10 in Armour
  9206 | Lair:2   | Lost mutation: You have a somewhat thin skeletal structure.
                  | (Dex +2, Stealth+) [Jiyva's grace]
  9206 | Lair:2   | Lost mutation: Your flesh is cold resistant. (rC+) [Jiyva's
                  | grace]
  9206 | Lair:2   | Lost mutation: Armour fits poorly on your large pseudopods.
                  | [Jiyva's grace]
  9206 | Lair:2   | Gained mutation: You expend magic power (3 MP) to
                  | strengthen your wands. [Jiyva's grace]
  9206 | Lair:2   | Gained mutation: You have acidic saliva. [Jiyva's grace]
  9206 | Lair:2   | Gained mutation: You have sharp fingernails. [Jiyva's
                  | grace]
  9206 | Lair:2   | Gained mutation: You have very sharp fingernails. [Jiyva's
                  | grace]
  9217 | Lair:2   | Learned a level 1 spell: Apportation
  9235 | Lair:2   | Reached skill level 1 in Translocations
  9558 | Lair:2   | Found a staircase to the Snake Pit.
  9873 | Lair:3   | Reached skill level 5 in Translocations
  9875 | Lair:3   | Reached XP level 13. HP: 79/79 MP: 14/14
  9927 | Lair:3   | Reached skill level 1 in Spellcasting
  9984 | Lair:3   | a four-headed hydra changed into an acid blob
  9984 | Lair:3   | Noticed an acid blob
 10045 | Lair:3   | Identified the +0 helmet of Valour {Regen+ Int+3}
 10390 | Lair:3   | Found a staircase to the Shoals.
 10477 | Lair:3   | Learned a level 7 spell: Orb of Destruction
 10510 | Lair:4   | Reached skill level 1 in Conjurations
 10537 | Lair:4   | Lost mutation: Your gelatinous body deflects attacks. (AC
                  | +3, EV +3) [Jiyva's grace]
 10537 | Lair:4   | Lost mutation: Armour fits poorly on your pseudopods.
                  | [Jiyva's grace]
 10537 | Lair:4   | Lost mutation: You are covered in slimy tendrils that may
                  | disarm your opponents. [Jiyva's grace]
 10537 | Lair:4   | Gained mutation: You have an increased reservoir of magic.
                  | (+10% MP) [Jiyva's grace]
 10537 | Lair:4   | Gained mutation: You have a considerably increased
                  | reservoir of magic. (+20% MP) [Jiyva's grace]
 10537 | Lair:4   | Gained mutation: You have a greatly increased reservoir of
                  | magic. (+30% MP) [Jiyva's grace]
 10537 | Lair:4   | Gained mutation: Armour fits poorly on your pseudopods.
                  | [Jiyva's grace]
 10651 | Lair:4   | Identified the +9 spear "Leock" {heavy, rCorr Int+3 Dex+4}
 10702 | Lair:4   | Reached skill level 5 in Conjurations
 10869 | Lair:4   | pringle
 10990 | Lair:4   | Found a glowing silver altar of Zin.
 11497 | Lair:5   | Entered Level 5 of the Lair of Beasts
 11622 | Lair:5   | Reached skill level 10 in Conjurations
 11939 | Lair:5   | Reached XP level 14. HP: 81/84 MP: 25/28
 11945 | Lair:5   | Reached skill level 5 in Spellcasting
 11963 | Lair:5   | Found a runed translucent door.
 11988 | Lair:5   | Found a staircase to the Slime Pits.
 12176 | Slime:1  | Entered Level 1 of the Pits of Slime
 12177 | Slime:1  | Noticed an acid blob
 12190 | Slime:1  | Noticed an azure jelly
 12308 | Slime:1  | Noticed a quicksilver ooze
 12312 | Slime:1  | Noticed an acid blob
 12315 | Slime:1  | Noticed an acid blob
 12409 | Slime:1  | Noticed a rockslime
 12424 | Slime:2  | Noticed an acid blob
 12431 | Slime:2  | Noticed an azure jelly
 12443 | Slime:2  | Noticed a formless jellyfish
 12446 | Slime:2  | Noticed a formless jellyfish
 12448 | Slime:2  | Noticed a formless jellyfish
 12459 | Slime:3  | Noticed an acid blob
 12460 | Slime:3  | Noticed a quicksilver ooze
 12464 | Slime:4  | Noticed an azure jelly
 12474 | Slime:4  | Noticed an azure jelly
 12488 | Slime:4  | Noticed a quicksilver ooze
 12488 | Slime:4  | Noticed a quicksilver ooze
 12488 | Slime:4  | Noticed an acid blob
 12493 | Slime:4  | Noticed an acid blob
 12494 | Slime:4  | Noticed a rockslime
 12495 | Slime:4  | Noticed an azure jelly
 12495 | Slime:4  | Noticed an acid blob
 12496 | Slime:4  | Noticed a quicksilver ooze
 12496 | Slime:4  | Noticed an azure jelly
 12498 | Slime:4  | Noticed an acid blob
 12505 | Slime:5  | Entered Level 5 of the Pits of Slime
 12505 | Slime:5  | Noticed an acid blob
 12505 | Slime:5  | Found the +10 tower shield of Ignorance {rN+ Int-4}
 12505 | Slime:5  | Found the dreamshard necklace {Acrobat *Dream}
 12520 | Slime:5  | Got a decrepit book
 12522 | Slime:5  | Got a worn book
 12525 | Slime:5  | Noticed an acid blob
 12533 | Slime:5  | Noticed an acid blob
 12574 | Slime:5  | Noticed an acid blob
 12602 | Slime:5  | Noticed an acid blob
 12603 | Slime:5  | Noticed an acid blob
 12612 | Slime:5  | Found a viscous altar of Jiyva.
 12617 | Slime:5  | Noticed an azure jelly
 12622 | Slime:5  | Identified the staff "Xusmuc" {rC+ MP+9 SInv Ice}
 12625 | Slime:5  | Identified the +5 short sword of Cobwebs {drain, rPois rC+
                  | Int-5}
 12640 | Slime:5  | Identified the +3 whip of Woss {heavy, rF- rC++ rCorr}
 12656 | Slime:5  | Identified the +2 shortbow "Widowermaker" {elec, rN+}
 12690 | Slime:5  | Noticed a rockslime
 12700 | Slime:5  | Got a slimy rune of Zot
 12707 | Slime:5  | Noticed the Royal Jelly
 12708 | Slime:5  | Noticed a formless jellyfish
 13142 | Lair:5   | Lost mutation: You have very sharp fingernails. [Jiyva's
                  | grace]
 13142 | Lair:5   | Lost mutation: You have sharp fingernails. [Jiyva's grace]
 13142 | Lair:5   | Lost mutation: You have a greatly increased reservoir of
                  | magic. (+30% MP) [Jiyva's grace]
 13142 | Lair:5   | Lost mutation: You have a considerably increased reservoir
                  | of magic. (+20% MP) [Jiyva's grace]
 13142 | Lair:5   | Lost mutation: You have acidic saliva. [Jiyva's grace]
 13142 | Lair:5   | Lost mutation: Your pliable body absorbs attacks. (AC +2,
                  | EV +2) [Jiyva's grace]
 13142 | Lair:5   | Lost mutation: Your rubbery body absorbs attacks. (AC +1,
                  | EV +1) [Jiyva's grace]
 13142 | Lair:5   | Gained mutation: Your muscles are strong. (Str +4, Int/Dex
                  | -1) [Jiyva's grace]
 13142 | Lair:5   | Gained mutation: Your muscles are very strong. (Str +8,
                  | Int/Dex -2) [Jiyva's grace]
 13142 | Lair:5   | Gained mutation: Armour fits poorly on your large
                  | pseudopods. [Jiyva's grace]
 13142 | Lair:5   | Gained mutation: Armour fits poorly on your massive
                  | pseudopods. [Jiyva's grace]
 13150 | Lair:5   | a four-headed hydra changed into an azure jelly
 13150 | Lair:5   | Noticed an azure jelly
 13175 | Lair:5   | Killed an azure jelly
 13335 | Lair:5   | Found a large runed translucent door.
 13335 | Lair:5   | Found a large runed translucent door.
 13374 | Lair:5   | a six-headed hydra changed into an acid blob
 13374 | Lair:5   | Noticed an acid blob
 13745 | D:10     | Entered Level 10 of the Dungeon
 13886 | D:10     | Found a shimmering altar of Xom.
 13887 | D:10     | Found a burning altar of Makhleb.
 14231 | D:11     | Found a gate leading to a gauntlet.
 14239 | Gauntlet | Entered a Gauntlet
 14239 | Gauntlet | Found a transporter.
 14239 | Gauntlet | Found a transporter.
 14241 | Gauntlet | Found a runed translucent door.
 14247 | Gauntlet | Found a transporter.
 14248 | Gauntlet | Lost mutation: You are somewhat resistant to both further
                  | mutation and mutation removal. [Jiyva's grace]
 14248 | Gauntlet | Lost mutation: Armour fits poorly on your massive
                  | pseudopods. [Jiyva's grace]
 14248 | Gauntlet | Lost mutation: Armour fits poorly on your large pseudopods.
                  | [Jiyva's grace]
 14248 | Gauntlet | Gained mutation: You are somewhat resistant to both further
                  | mutation and mutation removal. [Jiyva's grace]
 14248 | Gauntlet | Gained mutation: You are almost entirely resistant to
                  | further mutation and mutation removal. [Jiyva's grace]
 14248 | Gauntlet | Gained mutation: You possess an exceptional clarity of
                  | mind. [Jiyva's grace]
 14248 | Gauntlet | Gained mutation: Your melee attacks may engulf your foes in
                  | ooze. [Jiyva's grace]
 14251 | Gauntlet | Found a transporter.
 14251 | Gauntlet | Found a transporter.
 14290 | Gauntlet | Found a transporter.
 14301 | Gauntlet | Found a transporter.
 14309 | Gauntlet | Found a transporter.
 14316 | Gauntlet | Identified the +5 great sword of Unreason {pain, rElec rC+
                  | Stlth-}
 14328 | Gauntlet | Found a transporter.
 14342 | Gauntlet | Found a transporter.
 14395 | Gauntlet | Found a transporter.
 14397 | Gauntlet | Identified the ring "Uqiurr" {rElec rC+ rN+ rCorr Str-5}
 14423 | Gauntlet | Identified the +7 fire dragon scales of the Tentacled
                  | Wereyak {rF++ rC- rN+}
 15158 | D:12     | Lost mutation: You have an increased reservoir of magic.
                  | (+10% MP) [Jiyva's grace]
 15158 | D:12     | Lost mutation: Your muscles are very strong. (Str +8,
                  | Int/Dex -2) [Jiyva's grace]
 15158 | D:12     | Lost mutation: Your melee attacks may engulf your foes in
                  | ooze. [Jiyva's grace]
 15158 | D:12     | Gained mutation: You have a somewhat thin skeletal
                  | structure. (Dex +2, Stealth+) [Jiyva's grace]
 15158 | D:12     | Gained mutation: You have a moderately thin skeletal
                  | structure. (Dex +4, Stealth++) [Jiyva's grace]
 15158 | D:12     | Gained mutation: You have an unnaturally thin skeletal
                  | structure. (Dex +6, Stealth+++) [Jiyva's grace]
 15158 | D:12     | Gained mutation: Your rubbery body absorbs attacks. (AC +1,
                  | EV +1) [Jiyva's grace]
 15196 | D:12     | Found a bloodstained altar of Trog.
 15207 | D:12     | Reached skill level 15 in Conjurations
 15472 | D:12     | Found a staircase to the Orcish Mines.
 15593 | D:12     | Found Vyhoqor's Antique Armour Emporium.
 15845 | Orc:1    | Entered Level 1 of the Orcish Mines
 15845 | Orc:1    | Noticed Maurice
 15856 | Orc:1    | Killed Maurice
 15911 | Orc:1    | Found Taoh's Firing Range.
 16089 | Orc:2    | Entered Level 2 of the Orcish Mines
 16089 | Orc:2    | Found a staircase to the Elven Halls.
 16118 | Orc:2    | Reached XP level 15. HP: 80/89 MP: 28/28
 16318 | Orc:2    | Found a radiant altar of Vehumet.
 16319 | Orc:2    | Noticed Erolcha
 16331 | Orc:2    | Reached skill level 15 in Long Blades
 16332 | Orc:2    | Killed Erolcha
 16340 | Orc:2    | Found Muluq's Book Shop.
 16361 | Orc:2    | Reached skill level 7 in Shields
 16362 | Orc:2    | Found an ancient bone altar of Kikubaaqudgha.
 16375 | Orc:2    | Gained mutation: You are agile. (Dex +4, Str/Int -1)
                  | [Jiyva's grace]
 16375 | Orc:2    | Gained mutation: You are very agile. (Dex +8, Str/Int -2)
                  | [Jiyva's grace]
 16375 | Orc:2    | Gained mutation: Armour fits poorly on your large
                  | pseudopods. [Jiyva's grace]
 16375 | Orc:2    | Gained mutation: Armour fits poorly on your massive
                  | pseudopods. [Jiyva's grace]
 16402 | Orc:2    | Reached skill level 8 in Shields
 16737 | Orc:2    | Found Ibydack's Antique Armour Shop.
 16739 | Orc:2    | Found Zoc Botu's Jewellery Boutique.
 16749 | Orc:2    | Reached skill level 9 in Shields
 16752 | Orc:2    | Found Hehat's Distillery.
 16762 | Orc:2    | Bought a potion of heal wounds for 65 gold pieces
 16991 | D:6      | Bought the +7 captain's cutlass {speed, disarm} for 1350
                  | gold pieces
 16991 | D:6      | Found the +7 captain's cutlass {speed, disarm}
 17178 | D:13     | an eight-headed hydra changed into an azure jelly
 17178 | D:13     | Noticed an azure jelly
 17286 | D:13     | Reached skill level 10 in Shields
 17430 | D:13     | Reached skill level 11 in Shields
 17438 | D:13     | Found a gate to the Vaults.
 17538 | D:13     | Found a transporter.
 17538 | D:13     | Found Cynausog's General Store.
 17609 | D:13     | Reached skill level 12 in Shields
 17692 | D:13     | Found a transporter.
 17837 | D:13     | Bought a scroll of identify for 24 gold pieces
 18028 | D:14     | Found Pousak's Assorted Antiques.
 18035 | D:14     | Bought a scroll of identify for 80 gold pieces
 18066 | D:14     | Found a frozen archway.
 18090 | D:14     | Reached skill level 13 in Shields
 18120 | IceCv    | Entered an ice cave
 18139 | IceCv    | Reached skill level 1 in Short Blades
 18182 | IceCv    | Identified the +2 pair of boots of Fupoas {Str+3}
 18382 | IceCv    | Reached skill level 5 in Short Blades
 18424 | IceCv    | Got a moldy book
 18604 | D:14     | Noticed Frances
 18609 | D:14     | Noticed Snorg
 18617 | D:14     | Killed Frances
 18618 | D:14     | Reached XP level 16. HP: 73/94 MP: 29/29
 18624 | D:14     | Killed Snorg
 18893 | D:14     | Noticed Louise
 18901 | D:14     | Killed Louise
 18959 | D:14     | Found a glowing silver altar of Zin.
 19213 | Shoals:1 | Entered Level 1 of the Shoals
 19260 | Shoals:1 | Lost mutation: You have an unnaturally thin skeletal
                  | structure. (Dex +6, Stealth+++) [Jiyva's grace]
 19260 | Shoals:1 | Lost mutation: You are very agile. (Dex +8, Str/Int -2)
                  | [Jiyva's grace]
 19260 | Shoals:1 | Lost mutation: You possess an exceptional clarity of mind.
                  | [Jiyva's grace]
 19260 | Shoals:1 | Lost mutation: You are almost entirely resistant to further
                  | mutation and mutation removal. [Jiyva's grace]
 19260 | Shoals:1 | Gained mutation: You are partially covered in iridescent
                  | scales. (AC +2) [Jiyva's grace]
 19260 | Shoals:1 | Gained mutation: You are mostly covered in iridescent
                  | scales. (AC +4) [Jiyva's grace]
 19260 | Shoals:1 | Gained mutation: You are completely covered in iridescent
                  | scales. (AC +6) [Jiyva's grace]
 19260 | Shoals:1 | Gained mutation: Your melee attacks may engulf your foes in
                  | ooze. [Jiyva's grace]
 19441 | Shoals:1 | Reached skill level 10 in Short Blades
 19441 | Shoals:1 | Noticed Jorgrun
 19449 | Shoals:1 | Slimified Jorgrun
 19449 | Shoals:1 | Jorgrun changed into Jorgrun the slime creature
 19449 | Shoals:1 | Noticed Jorgrun
 19891 | Shoals:1 | Noticed Mlioglotl
 19904 | Shoals:1 | Killed Mlioglotl
 20119 | Shoals:2 | Found Iceomen's Gadget Gallery.
 20163 | Shoals:2 | Reached skill level 14 in Shields
 20768 | Shoals:3 | Found a transporter.
 20790 | Shoals:3 | Found a transporter.
 20796 | Shoals:3 | Lost mutation: You are completely covered in iridescent
                  | scales. (AC +6) [Jiyva's grace]
 20796 | Shoals:3 | Lost mutation: You have a moderately thin skeletal
                  | structure. (Dex +4, Stealth++) [Jiyva's grace]
 20796 | Shoals:3 | Lost mutation: You are somewhat resistant to both further
                  | mutation and mutation removal. [Jiyva's grace]
 20796 | Shoals:3 | Lost mutation: Your rubbery body absorbs attacks. (AC +1,
                  | EV +1) [Jiyva's grace]
 20796 | Shoals:3 | Lost mutation: Armour fits poorly on your massive
                  | pseudopods. [Jiyva's grace]
 20796 | Shoals:3 | Gained mutation: You are completely covered in iridescent
                  | scales. (AC +6) [Jiyva's grace]
 20796 | Shoals:3 | Gained mutation: You have acidic saliva. [Jiyva's grace]
 20796 | Shoals:3 | Gained mutation: You are partially covered in large bone
                  | plates. (SH +4) [Jiyva's grace]
 20796 | Shoals:3 | Gained mutation: You are mostly covered in large bone
                  | plates. (SH +6) [Jiyva's grace]
 20833 | Shoals:3 | Reached skill level 15 in Shields
 20850 | Shoals:3 | Identified the +0 helmet of Indemnity {-Cast rPois Slay+2}
 20851 | Shoals:3 | Identified the amulet "Jaeffu" {Acrobat rC+ Dex+7 Slay-6
                  | SInv}
 20930 | Shoals:3 | Noticed Ilsuiw
 20940 | Shoals:3 | Slimified Ilsuiw
 20940 | Shoals:3 | Ilsuiw changed into Ilsuiw the acid blob
 20940 | Shoals:3 | Noticed Ilsuiw
 21332 | Shoals:4 | Entered Level 4 of the Shoals
 21334 | Shoals:4 | Noticed Bai Suzhen
 21336 | Shoals:4 | Reached skill level 16 in Shields
 21348 | Shoals:4 | Slimified Bai Suzhen
 21348 | Shoals:4 | Bai Suzhen changed into Bai Suzhen the azure jelly
 21348 | Shoals:4 | Noticed Bai Suzhen
 21362 | Shoals:4 | Reached XP level 17. HP: 83/99 MP: 30/30
 21575 | Shoals:4 | Found a glowing golden altar of the Shining One.
 21586 | Shoals:4 | Reached skill level 17 in Shields
 21899 | Shoals:4 | Found a white marble altar of Elyvilon.
 21908 | Shoals:4 | Identified the ring of the Amoeba {*Slow Fly rC+ Str+3
                  | SInv}
 21913 | Shoals:4 | Reached skill level 10 in Fighting
 21979 | Shoals:4 | Got a barnacled rune of Zot
 22020 | Shoals:4 | Found a glowing silver altar of Zin.
 22128 | Shoals:4 | Identified the +11 battleaxe of Proximity {pain, Fly rC-
                  | rCorr Dex+5}
 22378 | Snake:1  | Entered Level 1 of the Snake Pit
 22934 | Snake:1  | Found Guacseam's Weapon Shop.
 23237 | Snake:2  | Lost mutation: You are completely covered in iridescent
                  | scales. (AC +6) [Jiyva's grace]
 23237 | Snake:2  | Lost mutation: You are mostly covered in large bone plates.
                  | (SH +6) [Jiyva's grace]
 23237 | Snake:2  | Lost mutation: You are somewhat resistant to further
                  | mutation. [Jiyva's grace]
 23237 | Snake:2  | Lost mutation: Your muscles are strong. (Str +4, Int/Dex
                  | -1) [Jiyva's grace]
 23237 | Snake:2  | Lost mutation: You have acidic saliva. [Jiyva's grace]
 23237 | Snake:2  | Lost mutation: Armour fits poorly on your large pseudopods.
                  | [Jiyva's grace]
 23237 | Snake:2  | Lost mutation: Armour fits poorly on your pseudopods.
                  | [Jiyva's grace]
 23237 | Snake:2  | Gained mutation: You have acidic saliva. [Jiyva's grace]
 23237 | Snake:2  | Gained mutation: You have a small jelly attached to you
                  | that senses nearby items. [Jiyva's grace]
 23237 | Snake:2  | Gained mutation: Your muscles are strong. (Str +4, Int/Dex
                  | -1) [Jiyva's grace]
 23237 | Snake:2  | Gained mutation: Your muscles are very strong. (Str +8,
                  | Int/Dex -2) [Jiyva's grace]
 23322 | Snake:2  | Noticed Azrael
 23330 | Snake:2  | Killed Azrael
 23403 | Snake:2  | Found Etzove's Armour Shop.
 23416 | Snake:2  | Noticed Aizul
 23482 | Snake:2  | Killed Aizul
 24121 | Snake:3  | Identified the +1 sling "Ixzes" {antimagic, rF+ rN+++ Str-4
                  | Dex+2}
 24222 | Snake:3  | Reached XP level 18. HP: 114/114 MP: 31/31
 24605 | Snake:4  | Entered Level 4 of the Snake Pit
 24935 | Snake:4  | Lost mutation: Your melee attacks may engulf your foes in
                  | ooze. [potion of mutation]
 24935 | Snake:4  | Lost mutation: You have acidic saliva. [potion of mutation]
 24935 | Snake:4  | Lost mutation: You expend magic power (3 MP) to strengthen
                  | your wands. [potion of mutation]
 24936 | Snake:4  | Lost mutation: Your muscles are very strong. (Str +8,
                  | Int/Dex -2) [potion of mutation]
 24936 | Snake:4  | Lost mutation: You are agile. (Dex +4, Str/Int -1) [potion
                  | of mutation]
 24936 | Snake:4  | Gained mutation: You are clumsy. (Dex -2) [potion of
                  | mutation]
 24936 | Snake:4  | Gained mutation: You expend magic power (3 MP) to
                  | strengthen your wands. [potion of mutation]
 24936 | Snake:4  | Gained mutation: You are completely covered in iridescent
                  | scales. (AC +6) [potion of mutation]
 24937 | Snake:4  | Lost mutation: You are clumsy. (Dex -2) [potion of
                  | mutation]
 24937 | Snake:4  | Lost mutation: You are partially covered in large bone
                  | plates. (SH +4) [potion of mutation]
 24937 | Snake:4  | Lost mutation: You have a small jelly attached to you that
                  | senses nearby items. [potion of mutation]
 24937 | Snake:4  | Lost mutation: You are completely covered in iridescent
                  | scales. (AC +6) [potion of mutation]
 24937 | Snake:4  | Gained mutation: You are occasionally teleported next to
                  | monsters. [potion of mutation]
 24938 | Snake:4  | Lost mutation: You have a somewhat thin skeletal structure.
                  | (Dex +2, Stealth+) [potion of mutation]
 24938 | Snake:4  | Lost mutation: You are mostly covered in iridescent scales.
                  | (AC +4) [potion of mutation]
 24938 | Snake:4  | Lost mutation: You are occasionally teleported next to
                  | monsters. [potion of mutation]
 24938 | Snake:4  | Gained mutation: You possess an exceptional clarity of
                  | mind. [potion of mutation]
 24938 | Snake:4  | Gained mutation: Your mind is acute. (Int +4, Str/Dex -1)
                  | [potion of mutation]
 25096 | Snake:4  | Reached skill level 18 in Shields
 25212 | Snake:4  | Identified the +2 helmet of the Centipede {rPois rF+ Str+3
                  | Dex+3}
 25217 | Snake:4  | Got a serpentine rune of Zot
 25555 | D:15     | Entered Level 15 of the Dungeon
 25614 | D:15     | Found a staircase to the Depths.
 25666 | D:15     | Gained mutation: Your flesh is cold resistant. (rC+)
                  | [Jiyva's grace]
 25666 | D:15     | Gained mutation: Your flesh is very cold resistant. (rC++)
                  | [Jiyva's grace]
 25666 | D:15     | Gained mutation: Your flesh is almost immune to the effects
                  | of cold. (rC+++) [Jiyva's grace]
 25666 | D:15     | Gained mutation: You have acidic saliva. [Jiyva's grace]
 25733 | D:15     | Noticed Josephine
 25738 | D:15     | Killed Josephine
 25812 | D:15     | Noticed Nessos
 25828 | D:15     | Killed Nessos
 25880 | D:15     | Noticed Roxanne
 25905 | D:15     | Killed Roxanne
 26341 | Elf:1    | Entered Level 1 of the Elven Halls
 26354 | Elf:1    | Reached skill level 19 in Shields
 26624 | Elf:1    | Noticed Asterion
 26636 | Elf:1    | Killed Asterion
 26997 | Elf:1    | Paralysed by an air elemental for 1 turns
 27116 | Elf:2    | Reached XP level 19. HP: 121/121 MP: 32/32
 27256 | Elf:2    | Found a runed translucent gate.
 27256 | Elf:2    | Found a runed translucent gate.
 27256 | Elf:2    | Found a runed translucent gate.
 27295 | Elf:2    | Identified the +1 quarterstaff of Makhleb's Hope {flame,
                  | rC+ rCorr}
 27377 | Elf:2    | Reached skill level 20 in Shields
 28223 | Vaults:1 | Entered Level 1 of the Vaults
 28224 | Vaults:1 | Lost mutation: Your flesh is almost immune to the effects
                  | of cold. (rC+++) [Jiyva's grace]
 28224 | Vaults:1 | Lost mutation: Your flesh is very cold resistant. (rC++)
                  | [Jiyva's grace]
 28224 | Vaults:1 | Gained mutation: Your translucent skin slightly reduces
                  | your foes' accuracy. (Stealth+) [Jiyva's grace]
 28224 | Vaults:1 | Gained mutation: Your translucent skin reduces your foes'
                  | accuracy. (Stealth+) [Jiyva's grace]
 28224 | Vaults:1 | Gained mutation: Your transparent skin significantly
                  | reduces your foes' accuracy. (Stealth+) [Jiyva's grace]
 28224 | Vaults:1 | Gained mutation: Your spells are a little harder to cast,
                  | but a little more powerful. [Jiyva's grace]
 28236 | Vaults:1 | Reached skill level 21 in Shields
 28315 | Vaults:1 | Found Roceujuj's Magic Scroll Boutique.
 28463 | Vaults:1 | Found a magical portal.
 28470 | WizLab   | Entered Wucad Mu's Monastery
 28611 | WizLab   | Found the crystal ball of Wucad Mu {*channel}
 28691 | WizLab   | Reached XP level 20. HP: 127/127 MP: 33/33
 29047 | Vaults:1 | Bought a scroll of fog for 64 gold pieces
 29047 | Vaults:1 | Bought a scroll of silence for 152 gold pieces
 29047 | Vaults:1 | Bought a scroll of teleportation for 48 gold pieces
 29047 | Vaults:1 | Bought a scroll of teleportation for 48 gold pieces
 29105 | Vaults:1 | Identified the +1 arbalest "Gilic" {antimagic, Int+3 SInv
                  | Stlth-}
 29193 | Vaults:1 | Noticed Nikola
 29218 | Vaults:1 | Killed Nikola
 29228 | Vaults:1 | Found Uxteca's Distillery.
 29237 | Vaults:1 | Bought a potion of curing for 36 gold pieces
 29237 | Vaults:1 | Bought a potion of heal wounds for 60 gold pieces
 29475 | Vaults:2 | Noticed Norris
 29493 | Vaults:2 | Killed Norris
 29533 | Vaults:2 | Found a crumbling gateway.
 29541 | Desolati | Entered the Desolation of Salt
 29573 | Desolati | Reached skill level 22 in Shields
 29631 | Desolati | Got a vellum book
 29644 | Desolati | Got a graven book
 29729 | Desolati | Found the ring of the Tortoise {AC+8}
 29755 | Desolati | Identified the +4 chain mail "Daidaesh" {Dex+3}
 29757 | Desolati | Got a worn book
 29773 | Desolati | Got a glistering book
 29847 | Desolati | Lost mutation: Your flesh is cold resistant. (rC+) [Jiyva's
                  | grace]
 29847 | Desolati | Lost mutation: Your muscles are strong. (Str +4, Int/Dex
                  | -1) [Jiyva's grace]
 29847 | Desolati | Gained mutation: Your rubbery body absorbs attacks. (AC +1,
                  | EV +1) [Jiyva's grace]
 29847 | Desolati | Gained mutation: Your pliable body absorbs attacks. (AC +2,
                  | EV +2) [Jiyva's grace]
 29847 | Desolati | Gained mutation: Your gelatinous body deflects attacks. (AC
                  | +3, EV +3) [Jiyva's grace]
 29847 | Desolati | Gained mutation: You have hidden genetic potential.
                  | [Jiyva's grace]
 30043 | Desolati | Reached XP level 21. HP: 132/132 MP: 34/34
 30074 | Desolati | Found the +2 Maxwell's thermic engine {flame, freeze, rev}
 30266 | Vaults:2 | Reached skill level 23 in Shields
 30427 | Vaults:2 | Noticed Sojobo
 30438 | Vaults:2 | Killed Sojobo
 30526 | Vaults:2 | Identified the +1 steam dragon scales of Gielik {rElec
                  | Str+4}
 30694 | Vaults:2 | Found a staircase to the Crypt.
 31152 | Vaults:3 | Identified the +1 scale mail "Medwytam" {-Cast rF+++ rC+
                  | Will+}
 31215 | Vaults:3 | Noticed Xtahua
 31225 | Vaults:3 | Killed Xtahua
 31228 | Vaults:3 | Reached skill level 24 in Shields
 31259 | Vaults:3 | Found Yxtem's Assorted Antiques.
 31309 | Vaults:3 | Bought a sapphire ring for 200 gold pieces
 31309 | Vaults:3 | Bought a scroll of teleportation for 120 gold pieces
 31697 | Vaults:3 | Lost mutation: Your gelatinous body deflects attacks. (AC
                  | +3, EV +3) [Jiyva's grace]
 31697 | Vaults:3 | Lost mutation: Your transparent skin significantly reduces
                  | your foes' accuracy. (Stealth+) [Jiyva's grace]
 31697 | Vaults:3 | Gained mutation: Your mind is very acute. (Int +8, Str/Dex
                  | -2) [Jiyva's grace]
 31697 | Vaults:3 | Gained mutation: You have supernaturally acute eyesight.
                  | (SInv) [Jiyva's grace]
 31697 | Vaults:3 | Lost mutation: You have hidden genetic potential. [Jiyva's
                  | grace]
 31697 | Vaults:3 | Gained mutation: You are somewhat resistant to further
                  | mutation. [Jiyva's grace]
 31697 | Vaults:3 | Gained mutation: You are somewhat resistant to both further
                  | mutation and mutation removal. [Jiyva's grace]
 31704 | Vaults:3 | Found a portal to a secret trove of treasure.
 32216 | Vaults:4 | Identified the +0 chain mail of Elyvilon, Freezing {Str+3
                  | Dex+3}
 32244 | Vaults:4 | Reached skill level 25 in Shields
 32313 | Vaults:4 | Identified a scroll of acquirement
 32315 | Vaults:4 | Acquired 1033 gold pieces
 32426 | Vaults:4 | Reached XP level 22. HP: 87/137 MP: 32/35
 32444 | Vaults:4 | Paralysed by a sphinx for 5 turns
 32449 | Vaults:4 | Slain by a tentacled monstrosity

Illustrated notes

...# PP~..P..♣♣ ...#
#....♣P~~~P♣P.♣ ...# ##....♣.~~
♣♣.♣# ...# #.[...♣PP ♣...# ...#
#......♣♣ ♣...# ...# #.......♣
♣♣..[# ...# ##....).# #....#
...## #......# #....# ....#
##..@..# #....# ...P# #......#
##....## ...####
######.....####.#....#
......###..# #........###...##
..........####........#.....#
....†......##...............#
.......................##.......
......................P#........
......................###........


Turn 10869 on Lair:4: pringle

Levels and vault maps discovered:
D:1:      saegor_arrival_simple_e, layout_loops_corners,
          shapermc_ecumenical_altar_notcrosses, minivault_4,
          minmay_crystal_room, serial_park_tiny_1
D:2:      layout_loops_ring, hangedman_abyss_or_decor_stabs, uniq_natasha
D:3:      layout_basic, nicolae_ru_the_path_less_chosen,
          minmay_goblin_kobold_house
D:4:      layout_loops_corners, serial_shops, shop, uniq_edmund, uniq_ijyb,
          uniq_eustachio
D:5:      layout_loops_ring, nicolae_hepliaklqana_hazy_memory,
          nrook_loot_triangle, uniq_crazy_yiuf_cottage
D:6:      layout_basic, nicolae_tso_carved_into_rock, temple_hall, serial_shops,
          nicolae_shop_window_shopping, nicolae_houndstooth_variations,
          uniq_blork_the_orc
D:7:      statuecave_lemuel, layout_cave_pods, grunt_qazlal_sundering,
          uniq_jeremiah
D:8:      layout_basic, minmay_lair_entry_grove, lemuel_flame_loot_1
D:9:      layout_loops_corners, mainiacjoe_overflow_tiny_flanked,
          nicolae_zen_rock_garden
D:10:     layout_big_octagon, grunt_temple_overflow_champion_of_chaos,
          minmay_fire_ice_demons
D:11:     layout_grid_maze, gauntlet_entry_generic
D:12:     layout_irregular_city, hiddenorc2_lemuel, serial_shops, shop,
          trog_ov_bears_minmay
D:13:     layout_rooms, skrybe_vaults_entry_preservation, serial_bayou,
          serial_bayou_shore_a, serial_bayou_shore_b, serial_bayou_lake_a,
          serial_bayou_pond_c, serial_shops, nicolae_shop_drivethru,
          minivault_26, drop_trap
D:14:     layout_long_grid, serial_shops, nicolae_stop_n_shop_1, zin_angel,
          portal_ice_cave_entry_ugly_swarm, uniq_frances, uniq_louise,
          uniq_snorg
D:15:     hangedman_depths_entry_try_elsewhere_first, layout_irregular_city,
          uniq_josephine, uniq_nessos, uniq_roxanne
Lair:1:   layout_layer_cave, gammafunk_ghost_hydra_chop, basic_altar,
          beast_lair_carwin_4, lemuel_fruit_fields, grunt_megastairs_2
Lair:2:   layout_small_grid, nicolae_snake_entry_squirm, uniq_urug
Lair:3:   layout_chaotic_city, minmay_shoals_entry_lonely_mermaid
Lair:4:   layout_cellular_growth, serial_forest, infiniplex_forest_clump_small,
          infiniplex_forest_clump_double, infiniplex_forest_clump_cross,
          infiniplex_forest_lined_corner, infiniplex_forest_end_2,
          infiniplex_forest_pool, infiniplex_forest_clump_cross,
          lemuel_oklob_altar
Lair:5:   cheibrodos_lair_end_hotspot, layout_gridlike, slime_entry_2
Shoals:1: layout_shoals, uniq_jorgrun, uniq_mlioglotl
Shoals:2: layout_shoals, nicolae_shop_gadgets
Shoals:3: gammafunk_sealed_arena, layout_shoals, yaktaur_hedge, uniq_ilsuiw
Shoals:4: shoals_end_hellmonk_holy_island, uniq_bai_suzhen
Snake:1:  layout_basic, serial_corexii_hall, corexii_hall_statues_x,
          chequers_hall_statues_wall_a, serial_shops, nicolae_shop_scrapyard
Snake:2:  layout_grid_maze, serial_shops,
          nicolae_shop_competitors_out_of_business, serial_bayou_shore_b,
          uniq_azrael, uniq_aizul
Snake:3:  nicolae_snake_nest, layout_misc_corridors
Snake:4:  grunt_snake_rune_pools, layout_rooms
Slime:1:  layout_caves
Slime:2:  layout_caves, cheibrodos_slime_lost_civilization_5
Slime:3:  layout_caves
Slime:4:  cheibrodos_slime_lost_civilization_2, layout_caves, special_room
          [special_room_jelly]
Slime:5:  slime_pit_nicolae_jellycorners
Orc:1:    layout_caves, serial_shops, shop, nicolae_shop_firing_range,
          uniq_maurice
Orc:2:    kennysheep_orc_mage_school, layout_diamond_mine
Elf:1:    nicolae_elf_arrival_no_cutting_in_line, layout_loops_ring,
          hangedman_elf_disciples, grunt_ministairs_5, uniq_asterion
Elf:2:    elven_hall_of_blades_hangedman_original [mumra_blade_entry_dagger],
          layout_geoelf_grid, serial_aquarium, aquarium_bridge_square
          [aquarium_subvault_window, aquarium_subvault_bridge,
          aquarium_subvault_window, aquarium_subvault_window],
          aquarium_window_2, aquarium_window_2, aquarium_view_2a,
          aquarium_view_2c, aquarium_balcony_3a, hangedman_elf_simple_split,
          hex_medium
Vaults:1: mu_enter_wizlab_6, vaults_room_semicircle,
          hangedman_vaults_restitches, nicolae_vaults_house_1,
          vaults_room_grunt_arrival_ludios, nicolae_vaults_wine_cellar,
          nicolae_vaults_loss_of_containment, nicolae_vaults_little_squares_4,
          nicolae_vaults_yaktaur_gun_rack, nicolae_vaults_apartment_1,
          nicolae_vaults_trapezoid_lopsided_4, nicolae_vaults_alarming,
          layout_vaults_omnibox, serial_shops, shop,
          nicolae_shop_just_a_little_nook, uniq_nikola
Vaults:2: portal_desolation_entry_twin_temple, v_misc_10,
          minmay_crypt_entry_simple_round, hangedman_vaults_pinch,
          nicolae_vaults_trapezoid_2, nicolae_vaults_shelves_hall,
          vaults_room_stairs_pillars, hangedman_vaults_stretched_pinwheel,
          hangedman_vaults_slice, nicolae_vaults_little_squares_6,
          layout_vaults_big_room, uniq_norris, uniq_sojobo
Vaults:3: vaults_dpeg_doors, vaults_standard_mumra_enter_the_diamond,
          nicolae_vaults_six-pack, nicolae_vaults_trapezoid_4,
          nicolae_vaults_house_1, nicolae_vaults_octothorpe,
          nicolae_vaults_stairing_the_circle, nicolae_vaults_security_offices_5,
          hangedman_vaults_unwind, v_alt_pattern_6,
          nicolae_vaults_variable_pillar_hall, nicolae_vaults_closet_pinwheel_4,
          vaults_room_mumra_shop_pool, nicolae_vaults_cochlea, v_alt_pattern_1,
          layout_vaults_maze_bifur, nicolae_trove_entry_free_sample, uniq_xtahua
Vaults:4: nicolae_vaults_network_s, nicolae_vaults_more_shelving_1, v_misc_10,
          st_eye, nicolae_vaults_trapezoid_3, layout_vaults_omnigrid

Skill      XL: |  1  2  3  4  5  6  7  8  9 10 11 12 13 14 15 16 17 18 19 20 21 |
---------------+----------------------------------------------------------------+-----
Long Blades    | 4 5 6 7 8 9 11 14 15 | 15.0
Dodging        | 5 7 10 | 10.0
Armour         | 6 10 11 | 11.5
Fighting       | 5 7 8 13 14 | 14.2
Shields        | 3 6 13 16 17 19 21 22 25 | 25.2
Translocations | 5 |  5.2
Spellcasting   | 4 8 |  8.0
Conjurations   | 12 15 | 15.4
Short Blades   | 7 11 | 11.0
Throwing       | |  2.0

Action                     |  1- 3 |  4- 6 |  7- 9 | 10-12 | 13-15 | 16-18 | 19-21 | 22-24 || total
---------------------------+-------+-------+-------+-------+-------+-------+-------+-------++-------
  Melee: Long sword        |    68 |   101 |   171 |   356 |   351 |       |       |       ||  1047
         Kick              |    12 |    33 |    62 |   138 |   376 |   520 |   503 |     8 ||  1652
         Peck              |    10 |    13 |    35 |    81 |   206 |   323 |   292 |     9 ||   969
         Punch             |       |     2 |     5 |     3 |       |       |       |       ||    10
         Pseudopods        |       |       |    10 |    93 |   185 |   128 |       |       ||   416
         Bite              |       |       |       |     4 |    47 |   131 |   176 |     1 ||   359
         Great sword       |       |       |       |       |   251 |       |       |       ||   251
         Cutlass           |       |       |       |       |   233 |  1020 |   550 |       ||  1803
         Double sword      |       |       |       |       |       |       |   368 |    18 ||   386
  Throw: Throwing net      |     1 |       |       |       |       |       |       |       ||     1
   Cast: Apportation       |       |       |       |       |    22 |     1 |     2 |       ||    25
 Invoke: Oozemancy         |       |       |     1 |     3 |       |     7 |     5 |       ||    16
         Slimify           |       |       |       |     1 |     9 |     6 |     1 |       ||    17
  Evoke: Wand              |       |       |     2 |       |     1 |     1 |       |       ||     4
    Use: Scroll            |       |     5 |     3 |     9 |    10 |    10 |     4 |       ||    41
         Potion            |       |       |       |       |     4 |    14 |     2 |       ||    20
   Stab: Held in net/web   |     1 |       |       |       |       |       |       |       ||     1
         Sleeping          |       |     1 |     2 |     3 |     6 |     7 |       |       ||    19
         Distracted        |       |       |       |       |     3 |     2 |     2 |       ||     7
         Invisible         |       |       |       |       |       |     6 |       |       ||     6
 Armour: Leather armour    |    36 |    49 |    41 |       |       |       |       |       ||   126
         Scale mail        |       |       |    26 |   116 |   265 |    24 |       |       ||   431
         Fire dragon scale |       |       |       |       |    95 |   144 |   243 |    39 ||   521
         Skin              |       |       |       |       |       |    12 |       |       ||    12
  Dodge: Dodged            |    50 |    89 |   139 |   265 |   583 |   206 |   311 |     2 ||  1645
  Block: Buckler           |       |       |       |    71 |   122 |       |       |       ||   193
         Tower shield      |       |       |       |       |   309 |  1090 |  1045 |    28 ||  2472

Table legend: (Time is in decaauts)
 A = Elapsed time spent in this place.
 B = Non-inter-level travel time spent in this place.
 C = Inter-level travel time spent in this place.
 D = Time resting spent in this place.
 E = Time spent auto-exploring this place.
 F = Levels seen in this place.
 G = Mean time per level.
                   A        B        C        D        E       F      G
               +--------+--------+--------+--------+--------+-----+--------+
         Total |  31346 |  28832 |   2514 |    223 |  21776 |  45 |  696.6 |
       Dungeon |  12188 |  10938 |   1250 |     10 |   8943 |  15 |  812.5 |
          Lair |   5347 |   5011 |    336 |     77 |   3887 |   5 | 1069.4 |
        Shoals |   2871 |   2712 |    159 |     21 |   1846 |   4 |  717.8 |
     Snake Pit |   2827 |   2589 |    238 |     42 |   2037 |   4 |  706.8 |
    Slime Pits |    903 |    772 |    131 |      0 |    575 |   5 |  180.6 |
  Orcish Mines |   1041 |    904 |    137 |      0 |    636 |   2 |  520.5 |
   Elven Halls |   1688 |   1544 |    144 |      0 |   1190 |   2 |  844.0 |
        Vaults |   3040 |   2925 |    115 |     47 |   1993 |   4 |  760.0 |
      Ice Cave |    371 |    371 |      0 |     25 |    145 |   1 |  371.0 |
        Wizlab |    291 |    291 |      0 |      0 |    169 |   1 |  291.0 |
    Desolation |    576 |    576 |      0 |      0 |    354 |   1 |  576.0 |
      Gauntlet |    198 |    198 |      0 |      0 |      0 |   1 |  198.0 |
               +--------+--------+--------+--------+--------+-----+--------+

Top non-repeatable levels by time:
  Lair:1: 1333 daAuts
  Lair:5: 1169 daAuts
     D:9: 1089 daAuts
  Lair:4: 1040 daAuts
Vaults:2: 1011 daAuts
  Lair:2: 984 daAuts
   Elf:2: 969 daAuts
     D:8: 957 daAuts
    D:12: 932 daAuts
     D:1: 929 daAuts
     D:4: 896 daAuts
 Snake:2: 890 daAuts
     D:7: 871 daAuts
     D:5: 863 daAuts
Vaults:3: 862 daAuts
